Workbook

Sheet стр.0
BL1: Приложение
BL2: к Правилам представления юридическими лицами – резидентами и индивидуальными предпринимателями – резидентами налоговым органам отчетов о движении денежных средств и иных финансовых активов по счетам (вкладам) в банках и иных организациях финансового рынка, расположенных за пределами территории Российской Федерации, и о переводах денежных средств без открытия банковского счета с использованием электронных средств платежа, предоставленных иностранными поставщиками платежных услуг
BL4: (в ред. Постановления Правительства РФ от 14.11.2023 N 1911)

Sheet стр.1
AC1: ИНН
AC4: КПП | BL4: Стр. | BR4: 0 | BU4: 0 | BX4: 1
H7: Форма по КНД 1112521 | DP7: Лист 1
A8: Отчет о движении денежных средств и иных финансовых активов юридического лица – резидента и индивидуального предпринимателя – резидента по счету (вкладу) в банке и иной организации финансового рынка, расположенных за пределами территории Российской Федерации, и о переводах денежных средств без открытия банковского счета с использованием электронных средств платежа, предоставленных иностранными поставщиками платежных услуг
A10: Представляется в налоговый орган (код) | CD10: Номер корректировки 1
A11: Сведения о резиденте 2
A20: (полное наименование юридического лица – резидента/фамилия, имя, отчество 3 индивидуального предпринимателя – резидента)
A21: ОГРН | AW21: ОГРНИП
A23: Наименование филиала, представительства или иного подразделения юридического лица – резидента, расположенного за пределами территории Российской Федерации
A29: Место нахождения филиала, представительства или иного подразделения юридического лица – резидента, расположенного за пределами территории Российской Федерации
CS33: Код страны 4
A35: Номер контактного телефона
A37: Отчет составлен на | AG37: страницах с приложением подтверждающих документов или их копий на | DP37: листах
A39: Достоверность и полноту сведений, указанных | BK39: Заполняется работником налогового органа
A40: в настоящем отчете, подтверждаю: | BK40: Сведения о представлении отчета
E41: 1 – руководитель юридического лица – резидента 2 – уполномоченный представитель резидента 3 – индивидуальный предприниматель – резидент
BW42: Данный отчет представлен (код)
BL45: на | CE45: страницах
BL46: с приложением подтверждающих документов
BL48: или их копий на | CS48: листах
BL52: Дата представления отчета | CS52: . | DB52: .
B53: (фамилия, имя, отчество 3 руководителя или представителя резидента)
A55: ИНН
A56: Номер контактного телефона
A59: Подпись | Y59: Дата | AL59: . | AU59: .
B60: Наименование и реквизиты документа, подтверждающего полномочия представителя
BN63: Фамилия И.О.3 | CT63: Подпись
E65: 1 0 – первичный документ; 1, 2, 3 и так далее – уточненный документ; 999 – отмена сообщения. Для уточненного документа значение должно быть на 1 больше ранее принятого
E66: налоговым органом документа.
E67: 2 Фамилия, имя, отчество указываются в соответствии с документом, удостоверяющим личность гражданина.
E68: 3 Отчество указывается при наличии.
E70: 4 Код страны указывается в соответствии с Общероссийским классификатором стран мира ОК (МК (ИСО 3166) 004-97) 025-2001.

Sheet стр.2
AC1: ИНН | AK1: =IF(ISBLANK(стр.1!AK1),,стр.1!AK1) -> 0 | AN1: =IF(ISBLANK(стр.1!AN1),,стр.1!AN1) -> 0 | AQ1: =IF(ISBLANK(стр.1!AQ1),,стр.1!AQ1) -> 0 | AT1: =IF(ISBLANK(стр.1!AT1),,стр.1!AT1) -> 0 | AW1: =IF(ISBLANK(стр.1!AW1),,стр.1!AW1) -> 0 | AZ1: =IF(ISBLANK(стр.1!AZ1),,стр.1!AZ1) -> 0 | BC1: =IF(ISBLANK(стр.1!BC1),,стр.1!BC1) -> 0 | BF1: =IF(ISBLANK(стр.1!BF1),,стр.1!BF1) -> 0 | BI1: =IF(ISBLANK(стр.1!BI1),,стр.1!BI1) -> 0 | BL1: =IF(ISBLANK(стр.1!BL1),,стр.1!BL1) -> 0 | BO1: =IF(ISBLANK(стр.1!BO1),,стр.1!BO1) -> 0 | BR1: =IF(ISBLANK(стр.1!BR1),,стр.1!BR1) -> 0
AC4: КПП | AK4: =IF(ISBLANK(стр.1!AK4),,стр.1!AK4) -> 0 | AN4: =IF(ISBLANK(стр.1!AN4),,стр.1!AN4) -> 0 | AQ4: =IF(ISBLANK(стр.1!AQ4),,стр.1!AQ4) -> 0 | AT4: =IF(ISBLANK(стр.1!AT4),,стр.1!AT4) -> 0 | AW4: =IF(ISBLANK(стр.1!AW4),,стр.1!AW4) -> 0 | AZ4: =IF(ISBLANK(стр.1!AZ4),,стр.1!AZ4) -> 0 | BC4: =IF(ISBLANK(стр.1!BC4),,стр.1!BC4) -> 0 | BF4: =IF(ISBLANK(стр.1!BF4),,стр.1!BF4) -> 0 | BI4: =IF(ISBLANK(стр.1!BI4),,стр.1!BI4) -> 0 | BL4: Стр.
DP6: Лист 2
A7: Раздел 1. Сведения о движении денежных средств и иных финансовых активов по счету (вкладу) в банке и иной организации финансового рынка, расположенных за пределами территории Российской Федерации
A8: Подраздел 1.1. Сведения о счете (вкладе) в банке или иной организации финансового рынка, расположенных за пределами территории Российской Федерации
A10: Квартальная отчетность за период с | AT10: . | BC10: . | BR10: по | CD10: . | CM10: .
F12: 1 – банк 2 – иная организация финансового рынка
A15: Вид иной организации финансового рынка 1
E17: небанковская кредитная организация | BD17: акционерный инвестиционный фонд
E18: страховщик, осуществляющий деятельность по добровольному страхованию жизни | BD18: управляющая компания инвестиционного фонда, паевого инвестиционного фонда или негосударственного пенсионного фонда
E21: профессиональный участник рынка ценных бумаг, осуществляющий брокерскую деятельность, и (или) деятельность по управлению ценными бумагами, и (или) депозитарную деятельность | BD21: центральный контрагент
BD24: управляющий товарищ инвестиционного товарищества
BD25: иная организация или структура без образования юридического лица, которая в рамках своей деятельности принимает от клиентов денежные средства или иные финансовые активы для хранения, управления, инвестирования и (или) осуществления иных сделок в интересах клиента либо прямо или косвенно за счет клиента
E26: управляющий по договору доверительного управления имуществом
E28: негосударственный пенсионный фонд
A30: Наименование
AR37: (в латинской транскрипции)
A38: SWIFT код или БИК 2
A40: Номер налогоплательщика (его аналог), присвоенный налоговым органом (иным уполномоченным органом) в иностранном государстве (территории), налоговым резидентом которого являются банк или иная организация финансового рынка
A45: Полный адрес
CS53: Код страны 3
AR54: (в латинской транскрипции)
A55: Номер счета (вклада)
AK56: (цифры и буквы в латинской транскрипции)
CP57: 1 – личный 2 – общий (совместный)
A58: Признак личного (совместного) использования счета (вклада) физическим лицом – резидентом 4
A60: Дата открытия счета (вклада) | AI60: . | AR60: . | CK60: Дата закрытия счета (вклада) | CS60: . | DB60: .
A62: Дата договора | AB62: . | AK62: . | BR62: Номер договора
A64: Данные о разрешении Банка России, на основании которого открыт счет в банке, расположенном за пределами территории Российской Федерации, если счет открыт на основании разрешения Банка России
A65: Дата выдачи разрешения
V66: . | AE66: . | BR66: Номер разрешения
E68: 1 Указывается "1" в случае соответствия вида иной организации финансового рынка или "0" при несоответствии.
E69: 2 Заполняется в случае, если счет (вклад) открыт в банке. Может заполняться при наличии SWIFT кода или БИК у иной организации финансового рынка.
E70: 3 Код страны указывается в соответствии с Общероссийским классификатором стран мира ОК (МК (ИСО 3166) 004-97) 025-2001.
E71: 4 Заполняется физическим лицом – резидентом, зарегистрированным в качестве индивидуального предпринимателя в соответствии с законодательством Российской Федерации.

Sheet стр.3
AC1: ИНН | AK1: =IF(ISBLANK(стр.1!AK1),,стр.1!AK1) -> 0 | AN1: =IF(ISBLANK(стр.1!AN1),,стр.1!AN1) -> 0 | AQ1: =IF(ISBLANK(стр.1!AQ1),,стр.1!AQ1) -> 0 | AT1: =IF(ISBLANK(стр.1!AT1),,стр.1!AT1) -> 0 | AW1: =IF(ISBLANK(стр.1!AW1),,стр.1!AW1) -> 0 | AZ1: =IF(ISBLANK(стр.1!AZ1),,стр.1!AZ1) -> 0 | BC1: =IF(ISBLANK(стр.1!BC1),,стр.1!BC1) -> 0 | BF1: =IF(ISBLANK(стр.1!BF1),,стр.1!BF1) -> 0 | BI1: =IF(ISBLANK(стр.1!BI1),,стр.1!BI1) -> 0 | BL1: =IF(ISBLANK(стр.1!BL1),,стр.1!BL1) -> 0 | BO1: =IF(ISBLANK(стр.1!BO1),,стр.1!BO1) -> 0 | BR1: =IF(ISBLANK(стр.1!BR1),,стр.1!BR1) -> 0
AC4: КПП | AK4: =IF(ISBLANK(стр.1!AK4),,стр.1!AK4) -> 0 | AN4: =IF(ISBLANK(стр.1!AN4),,стр.1!AN4) -> 0 | AQ4: =IF(ISBLANK(стр.1!AQ4),,стр.1!AQ4) -> 0 | AT4: =IF(ISBLANK(стр.1!AT4),,стр.1!AT4) -> 0 | AW4: =IF(ISBLANK(стр.1!AW4),,стр.1!AW4) -> 0 | AZ4: =IF(ISBLANK(стр.1!AZ4),,стр.1!AZ4) -> 0 | BC4: =IF(ISBLANK(стр.1!BC4),,стр.1!BC4) -> 0 | BF4: =IF(ISBLANK(стр.1!BF4),,стр.1!BF4) -> 0 | BI4: =IF(ISBLANK(стр.1!BI4),,стр.1!BI4) -> 0 | BL4: Стр.
DP7: Лист 3
A9: Подраздел 1.2. Сведения о движении денежных средств по счету (вкладу) в банке или иной организации финансового рынка, расположенных за пределами территории Российской Федерации
A11: Цифровой код валюты счета (вклада) 1
A12: Показатели | BF12: Сумма (в единицах соответствующей валюты)
A13: Остаток денежных средств на счете (вкладе) на начало отчетного квартала | DH13: .
A16: Зачислено денежных средств за отчетный квартал – всего | DH16: .
A18: Списано денежных средств за отчетный квартал – всего | DH18: .
A20: Остаток денежных средств на счете (вкладе) на конец отчетного квартала | DH20: .
E58: 1 Код валюты указывается в соответствии с Общероссийским классификатором валют ОК (МК (ИСО 4217) 003-97) 014-2000.

Sheet стр.4
AC1: ИНН | AK1: =IF(ISBLANK(стр.1!AK1),,стр.1!AK1) -> 0 | AN1: =IF(ISBLANK(стр.1!AN1),,стр.1!AN1) -> 0 | AQ1: =IF(ISBLANK(стр.1!AQ1),,стр.1!AQ1) -> 0 | AT1: =IF(ISBLANK(стр.1!AT1),,стр.1!AT1) -> 0 | AW1: =IF(ISBLANK(стр.1!AW1),,стр.1!AW1) -> 0 | AZ1: =IF(ISBLANK(стр.1!AZ1),,стр.1!AZ1) -> 0 | BC1: =IF(ISBLANK(стр.1!BC1),,стр.1!BC1) -> 0 | BF1: =IF(ISBLANK(стр.1!BF1),,стр.1!BF1) -> 0 | BI1: =IF(ISBLANK(стр.1!BI1),,стр.1!BI1) -> 0 | BL1: =IF(ISBLANK(стр.1!BL1),,стр.1!BL1) -> 0 | BO1: =IF(ISBLANK(стр.1!BO1),,стр.1!BO1) -> 0 | BR1: =IF(ISBLANK(стр.1!BR1),,стр.1!BR1) -> 0
AC4: КПП | AK4: =IF(ISBLANK(стр.1!AK4),,стр.1!AK4) -> 0 | AN4: =IF(ISBLANK(стр.1!AN4),,стр.1!AN4) -> 0 | AQ4: =IF(ISBLANK(стр.1!AQ4),,стр.1!AQ4) -> 0 | AT4: =IF(ISBLANK(стр.1!AT4),,стр.1!AT4) -> 0 | AW4: =IF(ISBLANK(стр.1!AW4),,стр.1!AW4) -> 0 | AZ4: =IF(ISBLANK(стр.1!AZ4),,стр.1!AZ4) -> 0 | BC4: =IF(ISBLANK(стр.1!BC4),,стр.1!BC4) -> 0 | BF4: =IF(ISBLANK(стр.1!BF4),,стр.1!BF4) -> 0 | BI4: =IF(ISBLANK(стр.1!BI4),,стр.1!BI4) -> 0 | BL4: Стр.
DP7: Приложение 1 к подразделу 1.2
DP9: Лист 4
A11: Цифровой код валюты счета (вклада) 1
A13: Зачислено денежных средств за отчетный квартал (по кодам видов операций)
A15: Код вида операции 2 | BC15: Сумма (в единицах соответствующей валюты)
Q17: 01 | DB17: .
Q19: 02 | DB19: .
Q21: 03 | DB21: .
Q23: 04 | DB23: .
Q25: 05 | DB25: .
Q27: 06 | DB27: .
Q29: 07 | DB29: .
Q31: 08 | DB31: .
Q33: 09 | DB33: .
Q35: 10 | DB35: .
Q37: 11 | DB37: .
Q39: 12 | DB39: .
... Q69: 27 | DB69: .
E71: 1 Код валюты указывается в соответствии с Общероссийским классификатором валют ОК (МК (ИСО 4217) 003-97) 014-2000.
E72: 2 Код вида валютной операции указывается в соответствии с нормативным актом Банка России, регулирующим порядок представления резидентами
F74: и нерезидентами уполномоченным банкам подтверждающих документов и информации при осуществлении валютных операций.

Sheet стр.5
AC1: ИНН | AK1: =IF(ISBLANK(стр.1!AK1),,стр.1!AK1) -> 0 | AN1: =IF(ISBLANK(стр.1!AN1),,стр.1!AN1) -> 0 | AQ1: =IF(ISBLANK(стр.1!AQ1),,стр.1!AQ1) -> 0 | AT1: =IF(ISBLANK(стр.1!AT1),,стр.1!AT1) -> 0 | AW1: =IF(ISBLANK(стр.1!AW1),,стр.1!AW1) -> 0 | AZ1: =IF(ISBLANK(стр.1!AZ1),,стр.1!AZ1) -> 0 | BC1: =IF(ISBLANK(стр.1!BC1),,стр.1!BC1) -> 0 | BF1: =IF(ISBLANK(стр.1!BF1),,стр.1!BF1) -> 0 | BI1: =IF(ISBLANK(стр.1!BI1),,стр.1!BI1) -> 0 | BL1: =IF(ISBLANK(стр.1!BL1),,стр.1!BL1) -> 0 | BO1: =IF(ISBLANK(стр.1!BO1),,стр.1!BO1) -> 0 | BR1: =IF(ISBLANK(стр.1!BR1),,стр.1!BR1) -> 0
AC4: КПП | AK4: =IF(ISBLANK(стр.1!AK4),,стр.1!AK4) -> 0 | AN4: =IF(ISBLANK(стр.1!AN4),,стр.1!AN4) -> 0 | AQ4: =IF(ISBLANK(стр.1!AQ4),,стр.1!AQ4) -> 0 | AT4: =IF(ISBLANK(стр.1!AT4),,стр.1!AT4) -> 0 | AW4: =IF(ISBLANK(стр.1!AW4),,стр.1!AW4) -> 0 | AZ4: =IF(ISBLANK(стр.1!AZ4),,стр.1!AZ4) -> 0 | BC4: =IF(ISBLANK(стр.1!BC4),,стр.1!BC4) -> 0 | BF4: =IF(ISBLANK(стр.1!BF4),,стр.1!BF4) -> 0 | BI4: =IF(ISBLANK(стр.1!BI4),,стр.1!BI4) -> 0 | BL4: Стр.
DP7: Приложение 2 к подразделу 1.2
DP9: Лист 5
A11: Цифровой код валюты счета (вклада) 1
A13: Зачислено денежных средств за отчетный квартал по внешнеторговым контрактам (кредитным договорам), поставленным на учет в уполномоченных банках
A15: Код вида операции 2
J19: 01 | N19: Уникальный номер контракта | BU19: / | CJ19: / | CY19: / | DE19: /
N21: Сумма зачисления (наличная форма)3 | DB21: .
N23: Сумма зачисления (безналичная форма)3 | DB23: .
J25: 02 | N25: Уникальный номер контракта | BU25: / | CJ25: / | CY25: / | DE25: /
N27: Сумма зачисления (наличная форма)3 | DB27: .
N29: Сумма зачисления (безналичная форма)3 | DB29: .
J31: 03 | N31: Уникальный номер контракта | BU31: / | CJ31: / | CY31: / | DE31: /
N33: Сумма зачисления (наличная форма)3 | DB33: .
N35: Сумма зачисления (безналичная форма)3 | DB35: .
J37: 04 | N37: Уникальный номер контракта | BU37: / | CJ37: / | CY37: / | DE37: /
N39: Сумма зачисления (наличная форма)3 | DB39: .
N41: Сумма зачисления (безналичная форма)3 | DB41: .
J43: 05 | N43: Уникальный номер контракта | BU43: / | CJ43: / | CY43: / | DE43: /
N45: Сумма зачисления (наличная форма)3 | DB45: .
N47: Сумма зачисления (безналичная форма)3 | DB47: .
J49: 06 | N49: Уникальный номер контракта | BU49: / | CJ49: / | CY49: / | DE49: /
N51: Сумма зачисления (наличная форма)3 | DB51: .
N53: Сумма зачисления (безналичная форма)3 | DB53: .
J55: 07 | N55: Уникальный номер контракта | BU55: / | CJ55: / | CY55: / | DE55: /
N57: Сумма зачисления (наличная форма)3 | DB57: .
N59: Сумма зачисления (безналичная форма)3 | DB59: .
J61: 08 | N61: Уникальный номер контракта | BU61: / | CJ61: / | CY61: / | DE61: /
N63: Сумма зачисления (наличная форма)3 | DB63: .
N65: Сумма зачисления (безналичная форма)3 | DB65: .
E68: 1 Код валюты указывается в соответствии с Общероссийским классификатором валют ОК (МК (ИСО 4217) 003-97) 014-2000.
E69: 2 Код вида валютной операции указывается в соответствии с нормативным актом Банка России, регулирующим порядок представления резидентами
F70: и нерезидентами уполномоченным банкам подтверждающих документов и информации при осуществлении валютных операций.
E71: 3 В единицах соответствующей валюты.

Sheet стр.6
AC1: ИНН | AK1: =IF(ISBLANK(стр.1!AK1),,стр.1!AK1) -> 0 | AN1: =IF(ISBLANK(стр.1!AN1),,стр.1!AN1) -> 0 | AQ1: =IF(ISBLANK(стр.1!AQ1),,стр.1!AQ1) -> 0 | AT1: =IF(ISBLANK(стр.1!AT1),,стр.1!AT1) -> 0 | AW1: =IF(ISBLANK(стр.1!AW1),,стр.1!AW1) -> 0 | AZ1: =IF(ISBLANK(стр.1!AZ1),,стр.1!AZ1) -> 0 | BC1: =IF(ISBLANK(стр.1!BC1),,стр.1!BC1) -> 0 | BF1: =IF(ISBLANK(стр.1!BF1),,стр.1!BF1) -> 0 | BI1: =IF(ISBLANK(стр.1!BI1),,стр.1!BI1) -> 0 | BL1: =IF(ISBLANK(стр.1!BL1),,стр.1!BL1) -> 0 | BO1: =IF(ISBLANK(стр.1!BO1),,стр.1!BO1) -> 0 | BR1: =IF(ISBLANK(стр.1!BR1),,стр.1!BR1) -> 0
AC4: КПП | AK4: =IF(ISBLANK(стр.1!AK4),,стр.1!AK4) -> 0 | AN4: =IF(ISBLANK(стр.1!AN4),,стр.1!AN4) -> 0 | AQ4: =IF(ISBLANK(стр.1!AQ4),,стр.1!AQ4) -> 0 | AT4: =IF(ISBLANK(стр.1!AT4),,стр.1!AT4) -> 0 | AW4: =IF(ISBLANK(стр.1!AW4),,стр.1!AW4) -> 0 | AZ4: =IF(ISBLANK(стр.1!AZ4),,стр.1!AZ4) -> 0 | BC4: =IF(ISBLANK(стр.1!BC4),,стр.1!BC4) -> 0 | BF4: =IF(ISBLANK(стр.1!BF4),,стр.1!BF4) -> 0 | BI4: =IF(ISBLANK(стр.1!BI4),,стр.1!BI4) -> 0 | BL4: Стр.
DP7: Приложение 3 к подразделу 1.2
DP9: Лист 6
A11: Цифровой код валюты счета (вклада) 1
A13: Списано денежных средств за отчетный квартал (по кодам видов операций)
A15: Код вида операции 2 | BC15: Сумма (в единицах соответствующей валюты)
Q17: 01 | DB17: .
Q19: 02 | DB19: .
Q21: 03 | DB21: .
Q23: 04 | DB23: .
Q25: 05 | DB25: .
Q27: 06 | DB27: .
Q29: 07 | DB29: .
Q31: 08 | DB31: .
Q33: 09 | DB33: .
Q35: 10 | DB35: .
Q37: 11 | DB37: .
Q39: 12 | DB39: .
... Q69: 27 | DB69: .
E71: 1 Код валюты указывается в соответствии с Общероссийским классификатором валют ОК (МК (ИСО 4217) 003-97) 014-2000.
E72: 2 Код вида валютной операции указывается в соответствии с нормативным актом Банка России, регулирующим порядок представления резидентами
F74: и нерезидентами уполномоченным банкам подтверждающих документов и информации при осуществлении валютных операций.

Sheet стр.7
AC1: ИНН | AK1: =IF(ISBLANK(стр.1!AK1),,стр.1!AK1) -> 0 | AN1: =IF(ISBLANK(стр.1!AN1),,стр.1!AN1) -> 0 | AQ1: =IF(ISBLANK(стр.1!AQ1),,стр.1!AQ1) -> 0 | AT1: =IF(ISBLANK(стр.1!AT1),,стр.1!AT1) -> 0 | AW1: =IF(ISBLANK(стр.1!AW1),,стр.1!AW1) -> 0 | AZ1: =IF(ISBLANK(стр.1!AZ1),,стр.1!AZ1) -> 0 | BC1: =IF(ISBLANK(стр.1!BC1),,стр.1!BC1) -> 0 | BF1: =IF(ISBLANK(стр.1!BF1),,стр.1!BF1) -> 0 | BI1: =IF(ISBLANK(стр.1!BI1),,стр.1!BI1) -> 0 | BL1: =IF(ISBLANK(стр.1!BL1),,стр.1!BL1) -> 0 | BO1: =IF(ISBLANK(стр.1!BO1),,стр.1!BO1) -> 0 | BR1: =IF(ISBLANK(стр.1!BR1),,стр.1!BR1) -> 0
AC4: КПП | AK4: =IF(ISBLANK(стр.1!AK4),,стр.1!AK4) -> 0 | AN4: =IF(ISBLANK(стр.1!AN4),,стр.1!AN4) -> 0 | AQ4: =IF(ISBLANK(стр.1!AQ4),,стр.1!AQ4) -> 0 | AT4: =IF(ISBLANK(стр.1!AT4),,стр.1!AT4) -> 0 | AW4: =IF(ISBLANK(стр.1!AW4),,стр.1!AW4) -> 0 | AZ4: =IF(ISBLANK(стр.1!AZ4),,стр.1!AZ4) -> 0 | BC4: =IF(ISBLANK(стр.1!BC4),,стр.1!BC4) -> 0 | BF4: =IF(ISBLANK(стр.1!BF4),,стр.1!BF4) -> 0 | BI4: =IF(ISBLANK(стр.1!BI4),,стр.1!BI4) -> 0 | BL4: Стр.
DP7: Приложение 4 к подразделу 1.2
DP9: Лист 7
A11: Цифровой код валюты счета (вклада) 1
A13: Списано денежных средств за отчетный квартал по внешнеторговым контрактам (кредитным договорам), поставленным на учет в уполномоченных банках
A15: Код вида операции 2
J19: 01 | N19: Уникальный номер контракта | BU19: / | CJ19: / | CY19: / | DE19: /
N21: Сумма списания 3 | DB21: .
J23: 02 | N23: Уникальный номер контракта | BU23: / | CJ23: / | CY23: / | DE23: /
N25: Сумма списания 3 | DB25: .
J27: 03 | N27: Уникальный номер контракта | BU27: / | CJ27: / | CY27: / | DE27: /
N29: Сумма списания 3 | DB29: .
J31: 04 | N31: Уникальный номер контракта | BU31: / | CJ31: / | CY31: / | DE31: /
N33: Сумма списания 3 | DB33: .
J35: 05 | N35: Уникальный номер контракта | BU35: / | CJ35: / | CY35: / | DE35: /
N37: Сумма списания 3 | DB37: .
J39: 06 | N39: Уникальный номер контракта | BU39: / | CJ39: / | CY39: / | DE39: /
N41: Сумма списания 3 | DB41: .
J43: 07 | N43: Уникальный номер контракта | BU43: / | CJ43: / | CY43: / | DE43: /
N45: Сумма списания 3 | DB45: .
J47: 08 | N47: Уникальный номер контракта | BU47: / | CJ47: / | CY47: / | DE47: /
N49: Сумма списания 3 | DB49: .
J51: 09 | N51: Уникальный номер контракта | BU51: / | CJ51: / | CY51: / | DE51: /
N53: Сумма списания 3 | DB53: .
J55: 10 | N55: Уникальный номер контракта | BU55: / | CJ55: / | CY55: / | DE55: /
N57: Сумма списания 3 | DB57: .
J59: 11 | N59: Уникальный номер контракта | BU59: / | CJ59: / | CY59: / | DE59: /
N61: Сумма списания 3 | DB61: .
J63: 12 | N63: Уникальный номер контракта | BU63: / | CJ63: / | CY63: / | DE63: /
N65: Сумма списания 3 | DB65: .
E68: 1 Код валюты указывается в соответствии с Общероссийским классификатором валют ОК (МК (ИСО 4217) 003-97) 014-2000.
E69: 2 Код вида валютной операции указывается в соответствии с нормативным актом Банка России, регулирующим порядок представления резидентами
F70: и нерезидентами уполномоченным банкам подтверждающих документов и информации при осуществлении валютных операций.
E72: 3 В единицах соответствующей валюты.

Sheet стр.8
AC1: ИНН | AK1: =IF(ISBLANK(стр.1!AK1),,стр.1!AK1) -> 0 | AN1: =IF(ISBLANK(стр.1!AN1),,стр.1!AN1) -> 0 | AQ1: =IF(ISBLANK(стр.1!AQ1),,стр.1!AQ1) -> 0 | AT1: =IF(ISBLANK(стр.1!AT1),,стр.1!AT1) -> 0 | AW1: =IF(ISBLANK(стр.1!AW1),,стр.1!AW1) -> 0 | AZ1: =IF(ISBLANK(стр.1!AZ1),,стр.1!AZ1) -> 0 | BC1: =IF(ISBLANK(стр.1!BC1),,стр.1!BC1) -> 0 | BF1: =IF(ISBLANK(стр.1!BF1),,стр.1!BF1) -> 0 | BI1: =IF(ISBLANK(стр.1!BI1),,стр.1!BI1) -> 0 | BL1: =IF(ISBLANK(стр.1!BL1),,стр.1!BL1) -> 0 | BO1: =IF(ISBLANK(стр.1!BO1),,стр.1!BO1) -> 0 | BR1: =IF(ISBLANK(стр.1!BR1),,стр.1!BR1) -> 0
AC4: КПП | AK4: =IF(ISBLANK(стр.1!AK4),,стр.1!AK4) -> 0 | AN4: =IF(ISBLANK(стр.1!AN4),,стр.1!AN4) -> 0 | AQ4: =IF(ISBLANK(стр.1!AQ4),,стр.1!AQ4) -> 0 | AT4: =IF(ISBLANK(стр.1!AT4),,стр.1!AT4) -> 0 | AW4: =IF(ISBLANK(стр.1!AW4),,стр.1!AW4) -> 0 | AZ4: =IF(ISBLANK(стр.1!AZ4),,стр.1!AZ4) -> 0 | BC4: =IF(ISBLANK(стр.1!BC4),,стр.1!BC4) -> 0 | BF4: =IF(ISBLANK(стр.1!BF4),,стр.1!BF4) -> 0 | BI4: =IF(ISBLANK(стр.1!BI4),,стр.1!BI4) -> 0 | BL4: Стр.
DP7: Лист 8
A9: Подраздел 1.3. Сведения о стоимости и видах иных финансовых активов на счетах (вкладах) в банке или иной организации финансового рынка, расположенных за пределами территории Российской Федерации
A11: Цифровой код используемой валюты для стоимостной оценки иных финансовых активов в денежном эквиваленте 1
A14: Показатели | BF14: Сумма (в единицах соответствующей валюты)
A15: Стоимость иных финансовых активов на начало отчетного квартала | DH15: .
A18: Стоимость иных финансовых активов, зачисленных на счет в отчетном квартале, – всего | DH18: .
A21: Стоимость иных финансовых активов, списанных со счета в отчетном квартале, – всего | DH21: .
A24: Стоимость иных финансовых активов на конец отчетного квартала | DH24: .
A28: Виды иных финансовых активов 2
F30: ценные бумаги
F32: производные финансовые инструменты
F34: доли участия в уставном (складочном) капитале юридического лица
F36: доли участия в иностранной структуре без образования юридического лица
F38: права требования из договора страхования
F40: иные финансовые активы, не включенные в вышеуказанный перечень
E60: 1 Код валюты указывается в соответствии с Общероссийским классификатором валют ОК (МК (ИСО 4217) 003-97) 014-2000.
E61: 2 Указывается "1" в случае соответствия иного финансового актива или "0" при несоответствии.

Sheet стр.9
AC1: ИНН | AK1: =IF(ISBLANK(стр.1!AK1),,стр.1!AK1) -> 0 | AN1: =IF(ISBLANK(стр.1!AN1),,стр.1!AN1) -> 0 | AQ1: =IF(ISBLANK(стр.1!AQ1),,стр.1!AQ1) -> 0 | AT1: =IF(ISBLANK(стр.1!AT1),,стр.1!AT1) -> 0 | AW1: =IF(ISBLANK(стр.1!AW1),,стр.1!AW1) -> 0 | AZ1: =IF(ISBLANK(стр.1!AZ1),,стр.1!AZ1) -> 0 | BC1: =IF(ISBLANK(стр.1!BC1),,стр.1!BC1) -> 0 | BF1: =IF(ISBLANK(стр.1!BF1),,стр.1!BF1) -> 0 | BI1: =IF(ISBLANK(стр.1!BI1),,стр.1!BI1) -> 0 | BL1: =IF(ISBLANK(стр.1!BL1),,стр.1!BL1) -> 0 | BO1: =IF(ISBLANK(стр.1!BO1),,стр.1!BO1) -> 0 | BR1: =IF(ISBLANK(стр.1!BR1),,стр.1!BR1) -> 0
AC4: КПП | AK4: =IF(ISBLANK(стр.1!AK4),,стр.1!AK4) -> 0 | AN4: =IF(ISBLANK(стр.1!AN4),,стр.1!AN4) -> 0 | AQ4: =IF(ISBLANK(стр.1!AQ4),,стр.1!AQ4) -> 0 | AT4: =IF(ISBLANK(стр.1!AT4),,стр.1!AT4) -> 0 | AW4: =IF(ISBLANK(стр.1!AW4),,стр.1!AW4) -> 0 | AZ4: =IF(ISBLANK(стр.1!AZ4),,стр.1!AZ4) -> 0 | BC4: =IF(ISBLANK(стр.1!BC4),,стр.1!BC4) -> 0 | BF4: =IF(ISBLANK(стр.1!BF4),,стр.1!BF4) -> 0 | BI4: =IF(ISBLANK(стр.1!BI4),,стр.1!BI4) -> 0 | BL4: Стр.
DP7: Лист 9
A9: Раздел 2. Сведения о переводах денежных средств без открытия банковского счета с использованием
A10: электронных средств платежа, предоставленных иностранными поставщиками платежных услуг
A12: Подраздел 2.1. Сведения об электронном средстве платежа, предоставленном иностранным поставщиком платежных услуг в целях осуществления перевода денежных средств без открытия банковского счета
A14: Отчетность за период с | AE14: . | AN14: . | BC14: по | BO14: . | BX14: .
F16: 1 – банк 2 – иная организация финансового рынка 3 – иной поставщик платежных услуг
A18: Наименование
AW28: (в латинской транскрипции)
A29: SWIFT код или БИК 1
AT30: (цифры и буквы в латинской транскрипции)
A31: Номер налогоплательщика (его аналог), присвоенный налоговым органом (иным уполномоченным органом) в иностранном государстве (территории), налоговым резидентом которого являются банк, или иная организация финансового рынка, или иной поставщик платежных услуг
A37: Полный адрес
CS45: Код страны 2
AW47: (в латинской транскрипции)
A48: Идентификатор электронного средства платежа 3
AY51: (цифры и буквы в латинской транскрипции)
A53: Дата предоставления права использования электронного средства платежа | BX53: . | CG53: .
A55: Дата прекращения права использования электронного средства платежа | BX55: . | CG55: .
E65: 1 Заполняется в случае, если электронное средство платежа предоставлено банком. Может заполняться при наличии SWIFT кода или БИК у иной организации
F66: финансового рынка.
E67: 2 Код страны указывается в соответствии с Общероссийским классификатором стран мира ОК (МК (ИСО 3166) 004-97) 025-2001.
E68: 3 Идентификатор электронного средства платежа, предоставленного иностранным поставщиком платежных услуг.

Sheet стр.10
AC1: ИНН | AK1: =IF(ISBLANK(стр.1!AK1),,стр.1!AK1) -> 0 | AN1: =IF(ISBLANK(стр.1!AN1),,стр.1!AN1) -> 0 | AQ1: =IF(ISBLANK(стр.1!AQ1),,стр.1!AQ1) -> 0 | AT1: =IF(ISBLANK(стр.1!AT1),,стр.1!AT1) -> 0 | AW1: =IF(ISBLANK(стр.1!AW1),,стр.1!AW1) -> 0 | AZ1: =IF(ISBLANK(стр.1!AZ1),,стр.1!AZ1) -> 0 | BC1: =IF(ISBLANK(стр.1!BC1),,стр.1!BC1) -> 0 | BF1: =IF(ISBLANK(стр.1!BF1),,стр.1!BF1) -> 0 | BI1: =IF(ISBLANK(стр.1!BI1),,стр.1!BI1) -> 0 | BL1: =IF(ISBLANK(стр.1!BL1),,стр.1!BL1) -> 0 | BO1: =IF(ISBLANK(стр.1!BO1),,стр.1!BO1) -> 0 | BR1: =IF(ISBLANK(стр.1!BR1),,стр.1!BR1) -> 0
AC4: КПП | AK4: =IF(ISBLANK(стр.1!AK4),,стр.1!AK4) -> 0 | AN4: =IF(ISBLANK(стр.1!AN4),,стр.1!AN4) -> 0 | AQ4: =IF(ISBLANK(стр.1!AQ4),,стр.1!AQ4) -> 0 | AT4: =IF(ISBLANK(стр.1!AT4),,стр.1!AT4) -> 0 | AW4: =IF(ISBLANK(стр.1!AW4),,стр.1!AW4) -> 0 | AZ4: =IF(ISBLANK(стр.1!AZ4),,стр.1!AZ4) -> 0 | BC4: =IF(ISBLANK(стр.1!BC4),,стр.1!BC4) -> 0 | BF4: =IF(ISBLANK(стр.1!BF4),,стр.1!BF4) -> 0 | BI4: =IF(ISBLANK(стр.1!BI4),,стр.1!BI4) -> 0 | BL4: Стр.
DP7: Лист 10
A9: Подраздел 2.2. Сведения о переводах денежных средств без открытия банковского счета с использованием электронных средств платежа, предоставленных иностранными поставщиками платежных услуг
A11: Цифровой код используемой валюты 1
A12: Показатели | BF12: Сумма (в единицах соответствующей валюты)
A13: Остаток денежных средств на электронном средстве платежа на начало отчетного года (квартала) | DH13: .
A16: Зачислено денежных средств на электронное средство платежа – всего | DH16: .
A19: Списано денежных средств с электронного средства платежа – всего | DH19: .
A22: Остаток денежных средств на электронном средстве платежа на конец отчетного квартала | DH22: .
E59: 1 Код валюты указывается в соответствии с Общероссийским классификатором валют ОК (МК (ИСО 4217) 003-97) 014-2000.

Sheet стр.12
AC1: ИНН | AK1: =IF(ISBLANK(стр.1!AK1),,стр.1!AK1) -> 0 | AN1: =IF(ISBLANK(стр.1!AN1),,стр.1!AN1) -> 0 | AQ1: =IF(ISBLANK(стр.1!AQ1),,стр.1!AQ1) -> 0 | AT1: =IF(ISBLANK(стр.1!AT1),,стр.1!AT1) -> 0 | AW1: =IF(ISBLANK(стр.1!AW1),,стр.1!AW1) -> 0 | AZ1: =IF(ISBLANK(стр.1!AZ1),,стр.1!AZ1) -> 0 | BC1: =IF(ISBLANK(стр.1!BC1),,стр.1!BC1) -> 0 | BF1: =IF(ISBLANK(стр.1!BF1),,стр.1!BF1) -> 0 | BI1: =IF(ISBLANK(стр.1!BI1),,стр.1!BI1) -> 0 | BL1: =IF(ISBLANK(стр.1!BL1),,стр.1!BL1) -> 0 | BO1: =IF(ISBLANK(стр.1!BO1),,стр.1!BO1) -> 0 | BR1: =IF(ISBLANK(стр.1!BR1),,стр.1!BR1) -> 0
AC4: КПП | AK4: =IF(ISBLANK(стр.1!AK4),,стр.1!AK4) -> 0 | AN4: =IF(ISBLANK(стр.1!AN4),,стр.1!AN4) -> 0 | AQ4: =IF(ISBLANK(стр.1!AQ4),,стр.1!AQ4) -> 0 | AT4: =IF(ISBLANK(стр.1!AT4),,стр.1!AT4) -> 0 | AW4: =IF(ISBLANK(стр.1!AW4),,стр.1!AW4) -> 0 | AZ4: =IF(ISBLANK(стр.1!AZ4),,стр.1!AZ4) -> 0 | BC4: =IF(ISBLANK(стр.1!BC4),,стр.1!BC4) -> 0 | BF4: =IF(ISBLANK(стр.1!BF4),,стр.1!BF4) -> 0 | BI4: =IF(ISBLANK(стр.1!BI4),,стр.1!BI4) -> 0 | BL4: Стр.
DP7: Приложение 2 к подразделу 2.2
DP9: Лист 12
A10: Цифровой код используемой валюты 1
A12: Списано денежных средств с электронных средств платежа, предоставленных иностранными поставщиками платежных услуг (по кодам видов операций)
A14: Код вида операции 2 | BC14: Сумма (в единицах соответствующей валюты)
Q16: 01 | DE16: .
Q18: 02 | DE18: .
Q20: 03 | DE20: .
Q22: 04 | DE22: .
Q24: 05 | DE24: .
Q26: 06 | DE26: .
Q28: 07 | DE28: .
Q30: 08 | DE30: .
Q32: 09 | DE32: .
Q34: 10 | DE34: .
Q36: 11 | DE36: .
Q38: 12 | DE38: .
... Q68: 27 | DE68: .
E70: 1 Код валюты указывается в соответствии с Общероссийским классификатором валют ОК (МК (ИСО 4217) 003-97) 014-2000.
E71: 2 Код вида валютной операции указывается в соответствии с нормативным актом Банка России, регулирующим порядок представления резидентами
F73: и нерезидентами уполномоченным банкам подтверждающих документов и информации при осуществлении валютных операций.

Sheet стр.11
AC1: ИНН | AK1: =IF(ISBLANK(стр.1!AK1),,стр.1!AK1) -> 0 | AN1: =IF(ISBLANK(стр.1!AN1),,стр.1!AN1) -> 0 | AQ1: =IF(ISBLANK(стр.1!AQ1),,стр.1!AQ1) -> 0 | AT1: =IF(ISBLANK(стр.1!AT1),,стр.1!AT1) -> 0 | AW1: =IF(ISBLANK(стр.1!AW1),,стр.1!AW1) -> 0 | AZ1: =IF(ISBLANK(стр.1!AZ1),,стр.1!AZ1) -> 0 | BC1: =IF(ISBLANK(стр.1!BC1),,стр.1!BC1) -> 0 | BF1: =IF(ISBLANK(стр.1!BF1),,стр.1!BF1) -> 0 | BI1: =IF(ISBLANK(стр.1!BI1),,стр.1!BI1) -> 0 | BL1: =IF(ISBLANK(стр.1!BL1),,стр.1!BL1) -> 0 | BO1: =IF(ISBLANK(стр.1!BO1),,стр.1!BO1) -> 0 | BR1: =IF(ISBLANK(стр.1!BR1),,стр.1!BR1) -> 0
AC4: КПП | AK4: =IF(ISBLANK(стр.1!AK4),,стр.1!AK4) -> 0 | AN4: =IF(ISBLANK(стр.1!AN4),,стр.1!AN4) -> 0 | AQ4: =IF(ISBLANK(стр.1!AQ4),,стр.1!AQ4) -> 0 | AT4: =IF(ISBLANK(стр.1!AT4),,стр.1!AT4) -> 0 | AW4: =IF(ISBLANK(стр.1!AW4),,стр.1!AW4) -> 0 | AZ4: =IF(ISBLANK(стр.1!AZ4),,стр.1!AZ4) -> 0 | BC4: =IF(ISBLANK(стр.1!BC4),,стр.1!BC4) -> 0 | BF4: =IF(ISBLANK(стр.1!BF4),,стр.1!BF4) -> 0 | BI4: =IF(ISBLANK(стр.1!BI4),,стр.1!BI4) -> 0 | BL4: Стр.
DP7: Приложение 1 к подразделу 2.2
DP9: Лист 11
A10: Цифровой код используемой валюты 1
A12: Зачислено денежных средств на электронные средства платежа, предоставленные иностранными поставщиками платежных услуг (по кодам видов операций)
A14: Код вида операции 2 | BC14: Сумма (в единицах соответствующей валюты)
Q16: 01 | DE16: .
Q18: 02 | DE18: .
Q20: 03 | DE20: .
Q22: 04 | DE22: .
Q24: 05 | DE24: .
Q26: 06 | DE26: .
Q28: 07 | DE28: .
Q30: 08 | DE30: .
Q32: 09 | DE32: .
Q34: 10 | DE34: .
Q36: 11 | DE36: .
Q38: 12 | DE38: .
... Q68: 27 | DE68: .
E70: 1 Код валюты указывается в соответствии с Общероссийским классификатором валют ОК (МК (ИСО 4217) 003-97) 014-2000.
E71: 2 Код вида валютной операции указывается в соответствии с нормативным актом Банка России, регулирующим порядок представления резидентами
F73: и нерезидентами уполномоченным банкам подтверждающих документов и информации при осуществлении валютных операций.
